 Dungeon Crawl Stone Soup version 0.30-a0-883-g5ad918d77d (webtiles) character file.

Game seed: 17325927902433069011

60216 Sanktem7 the Severer (level 14, -4/129 HPs)
             Began as a Minotaur Fighter on Mar 15, 2023.
             Was the Champion of Okawaru.
             Killed from afar by a guardian serpent (19 damage)
             ... with a bolt of poison
             ... on level 4 of the Abyss on Mar 16, 2023.
             The game lasted 00:40:22 (15991 turns).

Sanktem7 the Severer (Minotaur Fighter)            Turns: 15991, Time: 00:40:22

Health: -4/129     AC: 31    Str: 27      XL:     14   Next: 56%
Magic:  0/14       EV:  4    Int:  5      God:    Okawaru [******]
Gold:   1102       SH: 12    Dex:  8 (9)  Spells: 13/13 levels left

rFire   . . .      SeeInvis +    a - +2 war axe (heavy)
rCold   . . .      Faith    .    E - +0 kite shield
rNeg    . . .      Spirit   .    c - +5 plate armour of Repulsion {Slay+4}
rPois   .          Reflect  .    m - +2 hat {SInv}
rElec   .          Rampage  .    j - +0 cloak
rCorr   .                        V - +0 pair of gloves {hurl}
Will    +....                    u - +0 pair of boots Stlth
                                 s - amulet of regeneration
HPRegen 0.00/turn                h - +4 ring of slaying
MPRegen 0.14/turn                Q - +4 ring of protection

@: lethally poisoned (-4 -> -22), sick, slowed, constricted, studying Shields,
very slow
A: horns 2, retaliatory headbutt, low MP 1
a: Renounce Religion, Heroism, Finesse, Duel


You were on level 4 of the Abyss.
You worshipped Okawaru.
Okawaru was exalted by your worship.
You visited 3 branches of the dungeon, and saw 19 of its levels.
You visited the Abyss 1 time.
You also visited: Ice Cave.

You collected 1374 gold pieces.
You spent 272 gold pieces at shops.

Inventory:

Hand Weapons
 a - a +2 heavy war axe (weapon)
 b - a -1 demon whip of venom
Missiles
 e - 15 boomerangs
 r - 5 throwing nets (quivered)
 L - 9 curare-tipped darts
 M - 2 javelins
Armour
 c - the +5 plate armour of Repulsion (worn) {Slay+4}
   (You took it off an orc warrior on level 6 of the Dungeon)

   Slay:      It affects your accuracy & damage with ranged weapons and melee
   (+4).
 j - a +0 cloak (worn)
 m - a +2 hat of see invisible (worn)
 u - a +0 pair of boots (worn)
 E - a +0 kite shield (worn)
 V - a +0 pair of gloves of hurling (worn)
Jewellery
 h - a +4 ring of slaying (left hand)
 s - an amulet of regeneration (around neck)
 w - an amulet of the acrobat
 G - a ring of willpower
 P - a ring of resist corrosion
 Q - a +4 ring of protection (right hand)
 W - a ring of protection from cold
Wands
 q - a wand of flame (58)
 x - a wand of paralysis (8)
 y - a wand of quicksilver (12)
 B - a wand of mindburst (10)
 R - a wand of roots (12)
 T - a wand of digging (7)
Scrolls
 g - 3 scrolls of fog
 i - a scroll of poison
 o - 2 scrolls of fear
 z - 2 scrolls of butterflies
 A - 12 scrolls of teleportation
 C - 2 scrolls of torment
 J - 2 scrolls of magic mapping
 O - 9 scrolls of identify
 X - a scroll of enchant armour {unknown}
Potions
 d - 7 potions of might
 f - 2 potions of mutation {unknown}
 k - 2 potions of brilliance
 n - a potion of degeneration
 p - 6 potions of heal wounds
 t - 3 potions of flight
 v - 6 potions of curing
 D - 5 potions of haste {unknown}
 F - 3 potions of magic {unknown}
 H - 3 potions of lignification {unknown}
 I - a potion of resistance {unknown}
 K - 2 potions of berserk rage {unknown}
 N - a potion of attraction {unknown}
 S - a potion of ambrosia
 U - a potion of cancellation {unknown}


   Skills:
 + Level 13.4 Fighting
 - Level 18.0 Axes
 + Level 8.7 Throwing
 + Level 13.4 Armour
 + Level 14.3 Shields
 - Level 5.0 Invocations


You had 13 spell levels left.
You didn't know any spells.
Your spell library contained the following spells:

 Spells                   Type           Power      Damage    Failure   Level
 Kiss of Death            Conj/Necr      0%         2d5       100%        1
 Magic Dart               Conj           0%         1d3       100%        1
 Cigotuvi's Dreadful Rot  Necr/Pois/Air  0%         N/A       100%        2
 Sublimation of Blood     Necr           0%         N/A       100%        2
 Wereblood                Tmut           0%         N/A       100%        2
 Confusing Touch          Hex            0%         N/A       100%        3
 Frozen Ramparts          Ice            0%         1d1       100%        3
 Mephitic Cloud           Conj/Pois/Air  0%         N/A       100%        3
 Dispel Undead            Necr           0%         3d6       100%        4
 Ice Form                 Ice/Tmut       0%         N/A       100%        4
 Borgnjor's Vile Clutch   Necr/Erth      0%         N/A       100%        5
 Conjure Ball Lightning   Conj/Air       0%         3x3d6     100%        6
 Discord                  Hex            0%         N/A       100%        8
 Disjunction              Tloc           0%         N/A       100%        8
 Call Imp                 Summ           Unusable   N/A       N/A         2
 Animate Dead             Necr           Unusable   N/A       N/A         4
 Summon Ice Beast         Ice/Summ       Unusable   N/A       N/A         4
 Death Channel            Necr           Unusable   N/A       N/A         6
 Summon Hydra             Summ           Unusable   N/A       N/A         7

Dungeon Overview and Level Annotations

Branches:
Dungeon (14/15)            Temple (1/1) D:4            Lair (4/5) D:9
 Shoals (0/4) Lair:2        Snake (0/4) Lair:3          Orc (0/2) D:12
 Vaults (0/5) D:14          IceCv (visited)
  Slime: Lair:4-5

Altars:
Cheibriados
Dithmenos
Elyvilon
Hepliaklqana
Nemelex Xobeh
Okawaru
Qazlal
Ru
Sif Muna
Trog
Uskayaw
Wu Jian
Zin

Shops:
D:10 [   D:11 !:

Annotations:
D:6 2 runed translucent doors
D:13 2 transporters
Lair:4 Sonja


Innate Abilities, Weirdness & Mutations

You have a pair of horns on your head.
You reflexively headbutt those who attack you in melee.
Your magical capacity is low. (-10% MP)


Message History

You are held in place!
The thrashing horror tramples you but does no damage.
You block the tentacled starspawn's attack.
The tentacled starspawn tentacle-slaps you but does no damage.
The ghost moth stares at you.
You feel much better. The starspawn tentacle constricts you.
The thrashing horror tramples you but does no damage. x2
You block the tentacled starspawn's attack. x2
The tentacled starspawn bites you but does no damage.
The tentacled starspawn tentacle-slaps you but does no damage.
The guardian serpent casts a spell at you.
The bolt of poison hits the tentacled starspawn.
The tentacled starspawn completely resists.
The bolt of poison hits you!
You are poisoned.
* * * LOW HITPOINT WARNING * * *
The starspawn tentacle constricts you. The thrashing horror tramples you.
* * * LOW HITPOINT WARNING * * *
You are held in place!
The thrashing horror tramples you.
* * * LOW HITPOINT WARNING * * *
You are held in place!
You feel better.
You block the thrashing horror's attack.
The thrashing horror completely misses you.
You block the thrashing horror's attack.
The thrashing horror tramples you but does no damage.
You block the tentacled starspawn's attack.
The tentacled starspawn tentacle-slaps you.
* * * LOW HITPOINT WARNING * * *
The tentacled starspawn bites you!
* * * LOW HITPOINT WARNING * * *
The tentacled starspawn tentacle-slaps you but does no damage.
The starspawn tentacle constricts you.
* * * LOW HITPOINT WARNING * * *
The guardian serpent coils itself and waves its upper body at you.
The bolt of poison hits the tentacled starspawn.
The tentacled starspawn completely resists.
The bolt of poison hits you!!
You are lethally poisoned!
You die...

# .. .## #.#.. .
#..##..## #### #
#. .# ..#.. #
#...#####..# #.# #
.#.†# φ #........#
..# . ## ..
#..hh...#..# .##..
B# X . #
ty4.....#. . .
.#.#x # ###S###
...# # ###..#...
.##XXw# .#~..~ #
.# .. #'@##.h.#
#.~
....##.##.X###..z.
.~~ # .
.#...#######
##.h...~. . .
#......§⌠#
#z.#...~~~. .
#..#..#
.##zX..###~.#. .#
.. ....B#. ...#..
.
#.#....BzX#......#
###. ##.......#~#
#... .# #....


You could see 2 tentacled starspawn, a ghost moth (invisible), an apocalypse
crab, a thrashing horror, a guardian serpent, 2 raiju, a chaos spawn and a
starspawn tentacle.

Vanquished Creatures
  Rupert (D:13)
  Gastronok (D:8)
  A tentacled starspawn (Abyss:3)
  A cacodemon (Abyss:2)
  Fannar (D:10)
  An entropy weaver (shapeshifter) (D:14)
  2 hydras
  A boulder beetle (D:6)
  A spriggan skeleton (Abyss:2)
  5 tengu warriors
  A catoblepas (Lair:2)
  3 death yaks (Lair:4)
  4 two-headed ogres
  A wretched star (Abyss:2)
  Nergalle (D:10)
  Amaemon (D:10)
  A swamp dragon (Abyss:4)
  The ghost of Loveship the Trooper, a novice HOFi of Beogh (D:6)
  Pikel (D:8)
  A necromancer (IceCv)
  6 ugly things
  A cyclops (D:14)
  3 manticores
  15 elephants
  A merfolk siren (Lair:2)
  3 black mambas
  An ice statue (IceCv)
  A guardian serpent (Abyss:4)
  2 large abominations (Abyss:2)
  A gargoyle (D:10)
  An orange demon (D:10)
  5 cane toads
  6 komodo dragons
  3 rime drakes
  3 efreet
  4 kobold demonologists
  4 anaconda simulacra (IceCv)
  4 freezing wraiths (IceCv)
  12 ice devils (IceCv)
  A tengu conjurer (D:13)
  2 burning bushes (Lair:4)
  3 trolls
  2 polar bears
  Grinder (D:5)
  A hornet (shapeshifter) (D:13)
  2 slime creatures (D:14)
  A centaur simulacrum (D:12)
  A dire elephant simulacrum (IceCv)
  A flying skull (Abyss:4)
  3 wraiths (D:11)
  21 yaks
  Eustachio (D:5)
  A vampire (D:13)
  2 wyverns (Lair:3)
  3 basilisks
  Grum (D:8)
  A neqoxec (Abyss:2)
  5 death yak simulacra (IceCv)
  3 nagas (Lair:3)
  An acid dragon (D:13)
  2 hydra simulacra (IceCv)
  9 water moccasins
  A floating eye (shapeshifter) (D:14)
  A black bear (D:6)
  6 ice beasts
  10 orc warriors
  An ice beast (shapeshifter) (D:14)
  13 wolves
  16 centaurs
  A phantom (D:5)
  3 kobold brigands
  8 bullfrogs
  3 scorpions
  2 cane toad simulacra (IceCv)
  3 two-headed ogre simulacra (IceCv)
  4 gnoll sergeants
  A small abomination (Abyss:2)
  7 wights (D:7)
  4 elephant simulacra (IceCv)
  5 killer bees (D:10)
  3 electric eels
  2 howler monkeys
  2 hounds
  A lava snake (D:8)
  A quasit (Abyss:2)
  12 orc priests
  Crazy Yiuf (D:2)
  4 iguanas
  Natasha (thrice) (D:2)
  21 orc wizards
  A sleepcap (D:7)
  2 troll simulacra (IceCv)
  4 spriggan simulacra (D:13)
  4 polar bear simulacra
  7 wolf simulacra
  22 gnolls
  6 adders
  2 naga simulacra (D:13)
  4 white imps
  3 ufetubi
  4 worms
  A dart slug (D:2)
  49 orcs
  5 endoplasms
  4 giant cockroaches
  5 goblins
  8 hobgoblins
  3 jackals (D:3)
  3 quokkas
  7 ball pythons
  2 bats
  3 frilled lizards
  18 kobolds
  12 rats
  4 starspawn tentacles
496 creatures vanquished.

Vanquished Creatures (others)
  A centaur warrior (D:13)
  12 fungi
  A lurking horror (Abyss:4)
  13 plants
  5 starspawn tentacles
  5 toadstools (D:2)
37 creatures vanquished.

Grand Total: 533 creatures vanquished

Notes
Turn   | Place    | Note
-------+----------+-------------------------------------------
     0 | D:1      | Sanktem7 the Minotaur Fighter began the quest for the Orb.
     0 | D:1      | Reached XP level 1. HP: 19/19 MP: 0/0
   212 | D:1      | Reached XP level 2. HP: 27/27 MP: 1/1
   468 | D:1      | Reached skill level 3 in Axes
   554 | D:2      | Noticed Natasha
   559 | D:2      | Killed Natasha
   560 | D:2      | Reached XP level 3. HP: 33/33 MP: 2/2
   927 | D:2      | Noticed Natasha
   930 | D:2      | Killed Natasha
   931 | D:2      | Reached skill level 4 in Axes
   931 | D:2      | Reached XP level 4. HP: 40/40 MP: 3/3
  1039 | D:2      | Noticed Natasha
  1052 | D:2      | Killed Natasha
  1226 | D:2      | Found a runed translucent door.
  1227 | D:2      | Noticed Crazy Yiuf
  1234 | D:2      | Killed Crazy Yiuf
  1235 | D:2      | Reached XP level 5. HP: 4/47 MP: 4/4
  2202 | D:4      | Found a staircase to the Ecumenical Temple.
  2382 | D:4      | Reached skill level 5 in Axes
  2459 | Temple   | Entered the Ecumenical Temple
  2541 | Temple   | Became a worshipper of Warmaster Okawaru
  2671 | D:4      | Reached XP level 6. HP: 11/55 MP: 5/5
  2896 | D:5      | Entered Level 5 of the Dungeon
  2910 | D:5      | Reached skill level 5 in Fighting
  2910 | D:5      | Reached skill level 5 in Shields
  3083 | D:5      | Reached skill level 5 in Armour
  3108 | D:5      | Noticed a water moccasin
  3120 | D:5      | Killed a water moccasin
  3120 | D:5      | Reached * piety under Okawaru
  3121 | D:5      | Reached skill level 6 in Axes
  3162 | D:5      | Reached XP level 7. HP: 61/61 MP: 6/6
  3477 | D:5      | Noticed Eustachio
  3503 | D:5      | Killed Eustachio
  3523 | D:5      | Noticed Grinder
  3524 | D:5      | Paralysed by Grinder for 5 turns
  3539 | D:5      | Killed Grinder
  3540 | D:5      | Reached skill level 7 in Axes
  3821 | D:6      | Reached XP level 8. HP: 66/70 MP: 7/7
  3825 | D:6      | Reached ** piety under Okawaru
  3902 | D:6      | Reached skill level 1 in Invocations
  3966 | D:6      | Found a stormy altar of Qazlal.
  4025 | D:6      | Found a runed translucent gate.
  4026 | D:6      | Found a runed translucent gate.
  4027 | D:6      | Found a runed translucent gate.
  4028 | D:6      | Noticed Loveship's ghost (novice HOFi)
  4040 | D:6      | Identified the +5 plate armour of Repulsion {Slay+4}
  4306 | D:6      | Found a large runed translucent door.
  4306 | D:6      | Found a large runed translucent door.
  4310 | D:6      | Noticed a boulder beetle
  4337 | D:6      | Reached skill level 8 in Axes
  4374 | D:6      | Found a large runed translucent door.
  4374 | D:6      | Found a large runed translucent door.
  4379 | D:6      | Killed a boulder beetle
  4380 | D:6      | Reached skill level 9 in Axes
  4380 | D:6      | Reached XP level 9. HP: 48/79 MP: 6/10
  4522 | D:6      | Reached *** piety under Okawaru
  4674 | D:6      | Killed Loveship's ghost
  4675 | D:6      | Reached skill level 10 in Axes
  4942 | D:7      | Reached **** piety under Okawaru
  5025 | D:7      | Reached XP level 10. HP: 84/87 MP: 12/12
  5609 | D:8      | Noticed Gastronok
  5621 | D:8      | Killed Gastronok
  5622 | D:8      | Reached skill level 11 in Axes
  5700 | D:8      | Noticed Grum
  5702 | D:8      | Noticed Pikel
  5705 | D:8      | Reached skill level 5 in Invocations
  5708 | D:8      | Killed Pikel
  5710 | D:8      | Reached skill level 1 in Throwing
  5711 | D:8      | Reached ***** piety under Okawaru
  5719 | D:8      | Killed Grum
  5760 | D:8      | Reached skill level 12 in Axes
  5795 | D:8      | Identified the +4 robe "Seoseaphol" {rN++}
  5842 | D:8      | Noticed a moth of wrath
  5845 | D:8      | Found a bloodstained altar of Trog.
  6330 | D:9      | Noticed a manticore
  6337 | D:9      | Reached XP level 11. HP: 86/97 MP: 13/13
  6338 | D:9      | Received a gift from Okawaru
  6390 | D:9      | Received a gift from Okawaru
  6438 | D:9      | Found a staircase to the Lair.
  6458 | D:9      | Reached skill level 13 in Axes
  7096 | D:10     | Entered Level 10 of the Dungeon
  7096 | D:10     | Noticed Nergalle
  7144 | D:10     | Noticed Amaemon
  7156 | D:10     | Killed Amaemon
  7157 | D:10     | Reached skill level 10 in Fighting
  7234 | D:10     | Noticed Fannar
  7242 | D:10     | Killed Fannar
  7243 | D:10     | Reached skill level 10 in Armour
  7243 | D:10     | Reached skill level 10 in Shields
  7245 | D:10     | Received a gift from Okawaru
  7327 | D:10     | Found a snail-covered altar of Cheibriados.
  7329 | D:10     | Found Cheibriados's Comfort Zone.
  7520 | D:10     | Killed Nergalle
  7520 | D:10     | Reached ****** piety under Okawaru
  7599 | D:10     | Noticed a two-headed ogre
  7615 | D:10     | Killed a two-headed ogre
  7615 | D:10     | Received a gift from Okawaru
  8244 | D:11     | Found Qiextit's Book Emporium.
  8319 | D:11     | Reached skill level 14 in Axes
  8319 | D:11     | Reached XP level 12. HP: 108/108 MP: 14/14
  8396 | D:11     | Received a gift from Okawaru
  8616 | D:11     | Found Ditipe's Distillery.
  8619 | D:11     | Bought a potion of curing for 51 gold pieces
  8619 | D:11     | Bought a potion of heal wounds for 85 gold pieces
  8619 | D:11     | Bought a potion of heal wounds for 85 gold pieces
  8619 | D:11     | Bought a potion of curing for 51 gold pieces
  8931 | D:12     | Found a staircase to the Orcish Mines.
  8945 | D:12     | Found an iron altar of Okawaru.
  8947 | D:12     | Reached skill level 5 in Throwing
  8979 | D:12     | Noticed a two-headed ogre
  8984 | D:12     | Killed a two-headed ogre
  9184 | D:12     | Noticed a two-headed ogre
  9190 | D:12     | Killed a two-headed ogre
  9253 | D:12     | Noticed a two-headed ogre
  9258 | D:12     | Killed a two-headed ogre
  9498 | D:13     | Found a transporter.
  9502 | D:13     | Found a transporter.
  9504 | D:13     | Found a transporter.
  9535 | D:13     | Found a frozen archway.
  9557 | IceCv    | Entered an ice cave
  9612 | IceCv    | Reached skill level 15 in Axes
  9893 | IceCv    | Found an ancient bone altar of Kikubaaqudgha.
  9896 | IceCv    | Identified the +2 robe of a ziggurat {rF+ Int+6} (Okawaru
                  | gifted it to you in an ice cave)
  9896 | IceCv    | Received a gift from Okawaru
 10029 | IceCv    | Reached XP level 13. HP: 95/117 MP: 15/15
 10449 | D:13     | Noticed Rupert
 10457 | D:13     | Killed Rupert
 10458 | D:13     | Reached skill level 16 in Axes
 10575 | D:13     | Found a transporter.
 10603 | D:13     | Received a gift from Okawaru
 11078 | D:14     | Received a gift from Okawaru
 11132 | D:14     | Found a gate to the Vaults.
 11824 | D:14     | Received a gift from Okawaru
 12236 | Lair:1   | Entered Level 1 of the Lair of Beasts
 12270 | Lair:1   | Received a gift from Okawaru
 12311 | Lair:1   | Identified a scroll of acquirement
 12311 | Lair:1   | Acquired a manual of Shields
 12434 | Lair:1   | Reached skill level 17 in Axes
 12770 | Lair:1   | You fall into a shaft and drop 1 floor!
 13462 | Lair:2   | Found a staircase to the Shoals.
 14073 | Lair:3   | Reached XP level 14. HP: 127/127 MP: 16/16
 14107 | Lair:3   | Found a white marble altar of Elyvilon.
 14375 | Lair:3   | Received a gift from Okawaru
 14506 | Lair:3   | Found a staircase to the Snake Pit.
 15621 | Lair:4   | Noticed Sonja
 15628 | Abyss:2  | Cast into level 2 of the Abyss (Sonja)
 15748 | Abyss:2  | Noticed a cacodemon
 15752 | Abyss:2  | Gained mutation: Your magical capacity is low. (-10% MP) [a
                  | cacodemon]
 15756 | Abyss:2  | Killed a cacodemon
 15766 | Abyss:2  | Reached skill level 18 in Axes
 15887 | Abyss:3  | Noticed a reaper
 15904 | Abyss:3  | Found a corrupted altar of Lugonu.
 15919 | Abyss:3  | Noticed a tentacled starspawn
 15938 | Abyss:3  | Killed a tentacled starspawn
 15957 | Abyss:4  | Noticed a ghost moth
 15960 | Abyss:4  | Noticed a Hell Sentinel
 15963 | Abyss:4  | Received a gift from Okawaru
 15978 | Abyss:4  | Noticed a tentacled starspawn
 15980 | Abyss:4  | Noticed a tentacled starspawn
 15982 | Abyss:4  | Noticed a ghost moth
 15991 | Abyss:4  | Killed from afar by a guardian serpent

Illustrated notes

Levels and vault maps discovered:
D:1:      dpeg_arrival_fog, layout_basic
D:2:      layout_rooms, minmay_gold_behind_fungi, minmay_splitting_lines,
          uniq_crazy_yiuf_cottage, uniq_natasha
D:3:      layout_loops_ring, minmay_crystal_room, eino_tiny_chamber
D:4:      layout_cave_pools, minmay_temple_entry_proselytizer,
          corexii_hall_statues_l
D:5:      layout_basic, uniq_grinder, uniq_eustachio
D:6:      layout_loops_ring, grunt_qazlal_sundering, biasface_ghost_orc_armoury,
          minmay_hollow_rounded_squares
D:7:      layout_loops_ring
D:8:      layout_basic, tgw_trog, nrook_pool_corridor,
          kennysheep_generic_room_2, uniq_grum, uniq_gastronok, uniq_pikel
D:9:      layout_loops_ring, hellmonk_lair_entry_icy, feat_on_display
D:10:     layout_roguey, serial_bayou, serial_bayou_shore_a,
          serial_bayou_pond_d, serial_bayou_pond_e, serial_bayou_pond_a,
          minmay_shop_chei, amcnicky_mini_corridor_feature, uniq_fannar,
          uniq_nergalle, uniq_amaemon
D:11:     layout_roguey, serial_shops, kennysheep_mini, nicolae_stop_n_shop_2,
          minmay_tree_intersection
D:12:     layout_loops_ring, minmay_orc_entry_temple_small, okawaru_trees_2
D:13:     layout_gridville, portal_ice_cave_entry_ice_simulacra,
          nicolae_diode_intersection, uniq_rupert
D:14:     layout_loops_corners, david_vaults_2, grunt_decor_junction,
          small_statue_intersection
Temple:   nicolae_temple_slightly_damp_pantheon
Lair:1:   layout_gridlike, st_stairs_10, grunt_forest_stairs_basic,
          grunt_megastairs_5
Lair:2:   layout_gridlike, minmay_shoals_entry_lonely_mermaid,
          chequers_serial_rivers_large_a
Lair:3:   layout_hall_layers, nicolae_snake_entry_squirm, basic_altar
Lair:4:   layout_cellular_growth, evilmike_ambush [evilmike_ambush_outer_basic,
          evilmike_ambush_inner_pond], uniq_sonja
Abyss:4:  base: D:3, nicolae_abyss_rune_left_handed, evilmike_abyss_exit_16

Skill      XL: |  1  2  3  4  5  6  7  8  9 10 11 12 13 14 |
---------------+-------------------------------------------+-----
Axes           | 3 4 5 6 7 9 10 12 14 15 17 18 | 18.0
Fighting       | 4 5 6 7 8 9 10 11 12 13 | 13.4
Armour         | 4 5 6 7 8 9 10 11 12 13 | 13.4
Shields        | 4 5 6 7 8 9 10 11 12 14 | 14.3
Invocations    | 2 4 5 |  5.0
Throwing       | 2 4 6 7 8 |  8.7

Action                     |  1- 3 |  4- 6 |  7- 9 | 10-12 | 13-15 || total
---------------------------+-------+-------+-------+-------+-------++-------
  Melee: War axe           |    68 |   121 |   149 |   414 |   305 ||  1057
         Headbutt          |     9 |    16 |    26 |    96 |    86 ||   233
         Demon whip        |       |       |       |       |     5 ||     5
  Throw: Throwing net      |       |       |       |     2 |       ||     2
 Invoke: Heroism           |       |       |     2 |     1 |       ||     3
    Use: Potion            |       |     3 |       |       |     6 ||     9
         Scroll            |       |       |    11 |     7 |     8 ||    26
 Armour: Scale mail        |    30 |    41 |    38 |       |       ||   109
         Plate armour      |       |       |    60 |   274 |   289 ||   623
  Dodge: Dodged            |    33 |    62 |    56 |   117 |   122 ||   390
  Block: Buckler           |     9 |    26 |    54 |     8 |       ||    97
         Kite shield       |       |       |       |   250 |   234 ||   484

Table legend: (Time is in decaauts)
 A = Elapsed time spent in this place.
 B = Non-inter-level travel time spent in this place.
 C = Inter-level travel time spent in this place.
 D = Time resting spent in this place.
 E = Time spent auto-exploring this place.
 F = Levels seen in this place.
 G = Mean time per level.
                   A        B        C        D        E       F      G
               +--------+--------+--------+--------+--------+-----+--------+
         Total |  16382 |  15400 |    982 |    658 |  11400 |  23 |  712.3 |
       Dungeon |  11652 |  10766 |    886 |    419 |   8093 |  14 |  832.3 |
        Temple |    103 |    103 |      0 |      0 |     64 |   1 |  103.0 |
          Lair |   3435 |   3339 |     96 |      0 |   2880 |   4 |  858.8 |
         Abyss |    388 |    388 |      0 |     74 |      0 |   3 |  129.3 |
      Ice Cave |    802 |    802 |      0 |    165 |    362 |   1 |  802.0 |
               +--------+--------+--------+--------+--------+-----+--------+

Top non-repeatable levels by time:
     D:6: 1146 daAuts
    D:14: 1142 daAuts
  Lair:2: 1053 daAuts
     D:5: 957 daAuts
    D:10: 946 daAuts
  Lair:3: 878 daAuts
     D:9: 861 daAuts
     D:2: 852 daAuts
     D:7: 831 daAuts
     D:8: 817 daAuts
    D:13: 810 daAuts
   IceCv: 802 daAuts
     D:3: 790 daAuts
  Lair:1: 781 daAuts
  Lair:4: 722 daAuts
